 Dungeon Crawl Stone Soup version 0.29-a0-284-gf9362112df (webtiles) character file.

Game seed: 5990171101981928609

56 Krypt the Skirmisher (level 4, -1/36 (37) HPs)
             Began as a Formicid Fighter on Mar 28, 2022.
             Slain by Crazy Yiuf
             ... wielding a +3 quarterstaff of chaos
              (4 damage)
             ... on level 2 of the Dungeon.
             The game lasted 00:06:25 (2173 turns).

Krypt the Skirmisher (Formicid Fighter)             Turns: 2173, Time: 00:06:26

HP:   -1/36 (37)    AC: 11    Str: 21    XL:     4   Next: 15%
MP:   0/4           EV:  9    Int:  7    God:
Gold: 65            SH:  7    Dex: 12    Spells: 3/3 levels left

rFire   . . .      SeeInvis +   a - +0 war axe
rCold   . . .      Faith    .   i - +2 buckler
rNeg    . . .      Spirit   .   b - +0 scale mail
rPois   .          Reflect  .   (helmet unavailable)
rElec   .          Harm     .   j - +2 cloak {rCorr}
rCorr   +          Rampage  .   (no gloves)
Will    .....                   m - +0 pair of boots
Stlth   ..........              (no amulet)
HPRegen 0.12/turn               (no ring)
MPRegen 0.09/turn               (no ring)

@: mighty, lethally poisoned (-1 -> -8), lightly drained
A: permanent stasis, dig shafts and tunnels, antennae 3, four strong arms
a: Dig, Shaft Self


You were on level 2 of the Dungeon.
You visited 1 branch of the dungeon, and saw 2 of its levels.

You collected 65 gold pieces.

Inventory:

Hand Weapons
 a - a +0 war axe (weapon)
Armour
 b - a +0 scale mail (worn)
 c - a +0 buckler
 i - a +2 buckler (worn)
 j - a +2 cloak of preservation (worn)
 m - a +0 pair of boots (worn)
Scrolls
 g - a scroll of fog {unknown}
 h - a scroll of magic mapping
 k - 2 scrolls of identify {unknown}
 n - a scroll of immolation {unknown}
Potions
 e - 2 potions of mutation {unknown}
 f - 2 potions of curing {unknown}
 l - a potion of heal wounds {unknown}
 o - a potion of haste {unknown}


   Skills:
 + Level 4.0 Fighting
 + Level 2.7 Axes
 + Level 3.8 Armour
 + Level 0.4 Dodging
 + Level 0.1 Stealth
 + Level 3.9 Shields


You had 3 spell levels left.
You didn't know any spells.
Your spell library contained the following spells:

 Spells                   Type           Power      Damage    Failure   Level
 Ozocubu's Armour         Ice            0%         N/A       99%         3
 Passage of Golubria      Tloc           0%         N/A       100%        4
 Petrify                  Tmut/Erth      0%         N/A       100%        4
 Manifold Assault         Tloc           0%         N/A       100%        5
 Metabolic Englaciation   Hex/Ice        0%         N/A       100%        5
 Silence                  Hex/Air        0%         N/A       100%        5
 Simulacrum               Ice/Necr       0%         N/A       100%        6
 Statue Form              Tmut/Erth      0%         N/A       100%        6
 Storm Form               Tmut/Air       0%         N/A       100%        7
 Lehudib's Crystal Spear  Conj/Erth      0%         10d2      100%        8
 Blink                    Tloc           Unusable   N/A       N/A         2

Dungeon Overview and Level Annotations

Branches:
Dungeon (2/15)

Altars:
Ashenzari

Annotations:
D:2 Crazy Yiuf


Innate Abilities, Weirdness & Mutations

You cannot be hasted, slowed, berserked, paralysed or teleported.
You can dig through walls and to a lower floor.
You have a pair of large antennae on your head. (SInv)
Your four strong arms can wield two-handed weapons with a shield.


Message History

You kill the rat!
No target in view!
No target in view!
You see here a rat corpse.
Found 20 stones.
There is a broken altar of Ashenzari here.
You kneel at the altar of Ashenzari.
You see here a rat corpse.
You see here a frilled lizard corpse.
You see here 20 stones.
There is a stone staircase leading down here.
Crazy Yiuf shouts!
You open the door.
Okay, then.
You don't know any spells.
You feel very mighty all of a sudden.
Crazy Yiuf hits you with a +3 quarterstaff of chaos.
You feel drained.
You closely miss Crazy Yiuf.
Crazy Yiuf hits you with a +3 quarterstaff of chaos!
You are poisoned.
You slash Crazy Yiuf!
Crazy Yiuf is almost dead.
You feel very sick. Crazy Yiuf hits you but does no damage.
Crazy Yiuf hits you with a +3 quarterstaff of chaos!
* * * LOW HITPOINT WARNING * * *
You feel your power leaking away.
You barely miss Crazy Yiuf.
Crazy Yiuf is almost dead.
* * * LOW HITPOINT WARNING * * *
You feel very sick. Crazy Yiuf hits you but does no damage.
You barely miss Crazy Yiuf.
Crazy Yiuf is almost dead.
* * * LOW HITPOINT WARNING * * *
You feel very sick.
Crazy Yiuf yells, "Goober!"
Crazy Yiuf hits you with a +3 quarterstaff of chaos.
You die...

#.#.#.#
#.##########
#.#.#.#
#..........#
#.#.#.#
##########.#
#.##### #†# #.#
#.# #.# #.#
#.##### ### #.#
#.....## ###..)#
#.#
#......####@g...#
#.#
#.......#..##...#
########.#
#......#.### ###
#.........
##########
##########


You could see Crazy Yiuf.

Vanquished Creatures
  A dart slug (D:1)
  7 endoplasms
  4 giant cockroaches
  4 goblins
  4 hobgoblins
  4 jackals (D:1)
  A quokka (D:2)
  5 ball pythons
  5 bats
  4 frilled lizards
  4 kobolds
  4 rats
47 creatures vanquished.

Notes
Turn   | Place    | Note
-------+----------+-------------------------------------------
     0 | D:1      | Krypt the Formicid Fighter began the quest for the Orb.
     0 | D:1      | Reached XP level 1. HP: 18/18 MP: 1/1
    73 | D:1      | Reached XP level 2. HP: 11/24 MP: 2/2
   469 | D:1      | Reached XP level 3. HP: 30/30 MP: 3/3
  1288 | D:2      | Reached skill level 4 in Fighting
  1453 | D:2      | Found a runed translucent door.
  1454 | D:2      | Noticed Crazy Yiuf
  1762 | D:2      | Reached XP level 4. HP: 36/37 MP: 4/4
  1936 | D:2      | Found a broken altar of Ashenzari.
  2173 | D:2      | Slain by Crazy Yiuf

Illustrated notes

Levels and vault maps discovered:
D:1:      sevenhm_arrival_forest_fort_large_2, layout_basic, st_stairs_6,
          nrook_mini_vaults
D:2:      layout_basic, basic_altar, uniq_crazy_yiuf_cottage

Skill      XL: |  1  2  3 |
---------------+----------+-----
Fighting       | 4 |  4.0
Axes           | |  2.7
Armour         | |  3.8
Dodging        | |  0.4
Stealth        | |  0.1
Shields        | |  3.9

Action                   |  1- 3 |  4- 6 || total
-------------------------+-------+-------++-------
Melee: War axe           |    89 |    18 ||   107
  Use: Scroll            |     1 |       ||     1
       Potion            |       |     1 ||     1
Armor: Scale mail        |    46 |    10 ||    56
Dodge: Dodged            |    46 |     2 ||    48
Block: Buckler           |    26 |     4 ||    30

Table legend: (Time is in decaauts)
 A = Elapsed time spent in this place.
 B = Non-inter-level travel time spent in this place.
 C = Inter-level travel time spent in this place.
 D = Time resting spent in this place.
 E = Time spent auto-exploring this place.
 F = Levels seen in this place.
 G = Mean time per level.
                   A        B        C        D        E       F      G
               +--------+--------+--------+--------+--------+-----+--------+
         Total |   2216 |   2193 |     23 |      0 |   1737 |   2 | 1108.0 |
       Dungeon |   2216 |   2193 |     23 |      0 |   1737 |   2 | 1108.0 |
               +--------+--------+--------+--------+--------+-----+--------+

Top non-repeatable levels by time:
     D:1: 1194 daAuts
     D:2: 1022 daAuts
